 Dungeon Crawl Stone Soup version 0.23.2-1-ga50397a6bc (webtiles) character file.

Game seed: 4533769931735440607

23 Mrkan the Caller (level 2, 0/20 HPs)
             Began as a Gnoll Summoner on May 17, 2019.
             Killed from afar by Natasha (8 damage)
             ... with a magic dart
             ... on level 2 of the Dungeon.
             The game lasted 00:04:35 (934 turns).

Mrkan the Caller (Gnoll Summoner)                    Turns: 934, Time: 00:04:36

Health: 0/20       AC:  2    Str: 10    XL:     2   Next: 95%
Magic:  6/7        EV: 14    Int: 17    God:
Gold:   54         SH:  0    Dex: 15    Spells: 9/10 levels left

rFire    . . .     SeeInvis .   (no weapon)
rCold    . . .     Gourm    .   (no shield)
rNeg     . . .     Faith    .   a - +0 robe
rPois    .         Spirit   .   (no helmet)
rElec    .         Reflect  .   (no cloak)
rCorr    .         Harm     .   (no gloves)
MR       .....                  (no boots)
Stlth    +++.......             (no amulet)
HPRegen  0.06/turn              (no ring)
MPRegen  0.10/turn              (no ring)

@: no status effects
A: distributed training, fangs 1, strong nose
a: no special abilities


You were on level 2 of the Dungeon.
You were not hungry.

You visited 1 branch of the dungeon, and saw 2 of its levels.

You collected 54 gold pieces.

Inventory:

Armour
 a - a +0 robe (worn)
Wands
 j - a wand of enslavement (6)
Scrolls
 g - a scroll of identify {unknown}
 i - a scroll of immolation {unknown}
Potions
 b - a potion of invisibility {unknown}
 d - 2 potions of curing {unknown}
 e - 2 potions of agility {unknown}
 f - a potion of flight {unknown}
 h - a potion of ambrosia {unknown}
Comestibles
 c - 3 rations


   Skills:
 + Level 0.5 Fighting
 + Level 0.5 Short Blades
 + Level 0.5 Long Blades
 + Level 0.5 Axes
 + Level 0.5 Maces & Flails
 + Level 0.5 Polearms
 + Level 0.5 Staves
 + Level 0.5 Slings
 + Level 0.5 Bows
 + Level 0.5 Crossbows
 + Level 0.5 Throwing
 + Level 0.5 Armour
 + Level 4.5 Dodging
 + Level 4.1 Stealth
 + Level 0.5 Shields
 + Level 0.5 Unarmed Combat
 + Level 4.9 Spellcasting
 + Level 0.4 Conjurations
 + Level 0.4 Hexes
 + Level 0.4 Charms
 + Level 7.0 Summonings
 + Level 0.4 Necromancy
 + Level 0.4 Translocations
 + Level 0.4 Transmutations
 + Level 0.4 Fire Magic
 + Level 0.4 Ice Magic
 + Level 0.4 Air Magic
 + Level 0.4 Earth Magic
 + Level 0.4 Poison Magic
 + Level 0.7 Invocations
 + Level 0.5 Evocations


You had 9 spell levels left.
You knew the following spells:

 Your Spells              Type           Power        Failure   Level  Hunger
a - Summon Small Mammal   Summ           ####         1%          1    None

Your spell library contained the following spells:

 Spells                   Type           Power        Failure   Level  Hunger
 Call Imp                 Summ           ####....     1%          2    #......
 Call Canine Familiar     Summ           ####....     2%          3    ###....
 Summon Guardian Golem    Hex/Summ       ###.....     10%         3    ###....
 Summon Ice Beast         Ice/Summ       ###.....     30%         4    ####...
 Summon Lightning Spire   Summ/Air       ###.....     30%         4    ####...


Dungeon Overview and Level Annotations

Branches:
Dungeon (2/15)

Altars:
Nemelex Xobeh

Annotations:
D:2 Natasha


Innate Abilities, Weirdness & Mutations

Your experience applies equally to all skills.
You have very sharp teeth.
Your uncanny sense of smell can sniff out nearby items.


Message History

You hit Natasha but do no damage. You bite Natasha, but do no damage.
Natasha is moderately wounded.
Natasha closely misses you.
You hit Natasha but do no damage.
Natasha is moderately wounded.
Your quokka disappears in a puff of smoke!
Natasha barely misses you.
You completely miss Natasha.
Natasha is moderately wounded.
Natasha claws you!
Ouch! That really hurt!
You barely miss Natasha.
Natasha is moderately wounded.
Natasha barely misses you.
You hit Natasha but do no damage.
Natasha is moderately wounded.
The crimson imp blinks!
Natasha casts a spell at you. The magic dart hits you!
You die...

.... #.# ... #.# ###
.. #.# ..# .
#.######.# #.##...#.#
.#####....#.#.#
#............#§#
###########...<#h#
....#...#......#@####
.#..##..#..#...#..(.#
..>.##..##.#......#.#
##..##.†...###.##5# #
.......##### #....#
##.##### ###### ##+##
...†# ....# ∆


You could see Natasha and a crimson imp.

Vanquished Creatures
  A giant cockroach (D:1)
  A goblin (D:2)
  A bat (D:1)
  2 frilled lizards (D:1)
  A rat (D:2)
6 creatures vanquished.

Vanquished Creatures (collateral kills)
  A worm (D:2)
  2 dart slugs (D:1)
  4 bats
  A giant cockroach (D:1)
  2 goblins (D:1)
  2 hobgoblins
  2 kobolds (D:1)
  3 frilled lizards
  3 rats
20 creatures vanquished.

Grand Total: 26 creatures vanquished

Notes
Turn   | Place    | Note
-------+----------+-------------------------------------------
     0 | D:1      | Mrkan the Gnoll Summoner began the quest for the Orb.
     0 | D:1      | Reached XP level 1. HP: 13/13 MP: 6/6
   128 | D:1      | Reached XP level 2. HP: 19/19 MP: 5/7
   289 | D:1      | Found a sparkling altar of Nemelex Xobeh.
   888 | D:2      | Noticed Natasha
   920 | D:2      | Noticed a crimson imp
   934 | D:2      | Killed from afar by Natasha

Action                   || total
-------------------------++-------
Melee: Unarmed           ||    50
       Bite              ||     6
 Cast: Summon Small Mamm ||    36
 Stab: Sleeping          ||     1
Armor: Robe              ||    18
Dodge: Dodged            ||    71
